Map: Honorgrounds LE

Players

Neuro

  • Race: Zerg Zerg
  • League: Master
  • Spawn Location: 5:00

Railgan - Winner!

  • Race: Zerg Zerg
  • League: Grandmaster
  • Spawn Location: 11:00

VOD

Have the link to the VOD?

Description

Time

  • Played on: March 20, 2017, 4:54 p.m.
  • Length: 10:20
Show
View Real Time Build Order
Export as new Build Order

Neuro Zerg 

Build Orders: Hatch First 

Get SALT Encoding   

  12  0:01  Drone  
  13  0:13  Overlord  
  13  0:18  Drone  
  14  0:31  Drone x2  
  16  0:35  Drone  
  17  0:52  Hatchery  
  17  0:56  Drone  
  17  0:59  Drone  
  18  1:10  Extractor  
  17  1:14  Spawning Pool  
  17  1:17  Drone  
  17  1:20  Drone  
  18  1:28  Drone  
  19  1:39  Overlord  
  19  1:52  Drone  
  20  2:00  Queen  
  22  2:03  Zergling x2  
  22  2:05  Zergling x2, Queen  
  26  2:09  Metabolic Boost  
  26  2:15  Drone x2  
  28  2:27  Drone x2  
  30  2:35  Drone  
  31  2:39  Drone  
  32  2:45  Drone  
  32  2:50  Hatchery  
  31  2:51  Zergling x2  
  32  2:59  Queen  
  32  3:05  Evolution Chamber, Drone x2  
  35  3:17  Overlord x2  
  35  3:20  Drone  
  36  3:30  Zerg Ground Armor Level 1  
  36  3:32  Baneling Nest  
  35  3:42  Drone x6  
  41  3:50  Drone x3  
  44  3:56  Overlord  
  42  4:13  Drone x7  
  49  4:18  Zergling x10  
  49  4:20  Zergling x2  
  55  4:25  Zergling x2  
  55  4:26  Lair  
  55  4:29  Extractor  
  55  4:31  Zergling x4  
  57  4:43  Drone x6  
  63  4:47  Overlord x2  
  63  4:48  Overlord  
  63  4:56  Extractor, Drone x2  
  60  5:18  Extractor, Roach Warren  
  60  5:20  Extractor, Hatchery  
  54  5:21  Drone x8  
  54  5:22  Drone x4  
  63  5:30  Spire  
  62  5:35  Zerg Melee Weapons Level 1  
  62  5:44  Spine Crawler x2  
  62  5:45  Spine Crawler, Drone x4  
  64  5:53  Spine Crawler  
  64  5:55  Zergling x8  
  64  5:56  Zergling x10  
  73  6:00  Zergling x8  
  73  6:03  Zergling x4  
  79  6:08  Zergling x2  
  74  6:20  Zergling x8  
  74  6:25  Zergling x4  
  74  6:26  Zergling x8  
  80  6:34  Zergling x12  
  86  6:43  Baneling x3  
  86  6:48  Zergling x2  
  86  6:49  Zergling x8  
  86  6:51  Zerg Flyer Weapons Level 1  
  91  6:56  Drone x4  
  91  6:57  Infestation Pit  
  94  7:04  Drone x2  
  94  7:06  Extractor  
  95  7:11  Centrifical Hooks  
  95  7:14  Overlord x5  
  94  7:24  Hatchery, Overseer  
  94  7:25  Pneumatized Carapace  
  91  7:32  Zerg Melee Weapons Level 2  
  91  7:41  Hive  
  89  7:45  Queen  
  89  8:02  Zergling x38  
  108  8:07  Overseer  
  108  8:08  Unknown  
  108  8:14  Zergling x18  
  108  8:15  Zergling x2  
  118  8:45  Zergling x28  
  130  8:57  Extractor  
  128  9:03  Ultralisk Cavern  
  120  9:24  Zergling x20  
  120  9:25  Zergling x10  
  120  9:28  Baneling x13  
  120  9:29  Baneling x11  
  92  9:46  Zergling x8  
  92  9:47  Zergling x24  
Show
View Real Time Build Order
Export as new Build Order

Railgan Zerg - Winner!

Build Orders: Hatch First 

Get SALT Encoding   

  12  0:01  Drone  
  13  0:13  Overlord  
  13  0:19  Drone  
  14  0:31  Drone x2  
  14  0:35  Drone  
  17  0:45  Drone  
  18  0:58  Hatchery  
  18  0:59  Drone  
  18  1:01  Extractor  
  17  1:15  Spawning Pool  
  16  1:19  Drone  
  16  1:20  Drone  
  18  1:28  Drone  
  19  1:42  Overlord  
  19  1:55  Drone  
  20  2:02  Queen  
  20  2:03  Zergling x2  
  23  2:10  Queen  
  23  2:13  Drone  
  23  2:14  Zergling x2  
  23  2:15  Metabolic Boost  
  27  2:18  Spine Crawler  
  26  2:25  Drone  
  27  2:34  Baneling Nest  
  26  2:37  Drone x2  
  26  2:38  Drone  
  29  2:44  Zergling x2  
  29  2:47  Drone  
  31  2:56  Overlord  
  31  2:57  Drone  
  32  3:09  Hatchery  
  32  3:11  Drone  
  32  3:13  Drone  
  32  3:17  Drone  
  33  3:20  Drone  
  34  3:27  Drone x3  
  34  3:31  Drone x2  
  39  3:38  Queen  
  39  3:40  Baneling  
  41  3:46  Lair  
  41  3:52  Drone x2  
  43  3:57  Drone  
  43  4:01  Overlord  
  43  4:08  Roach Warren  
  41  4:10  Drone  
  41  4:11  Drone  
  41  4:13  Overlord  
  43  4:20  Evolution Chamber  
  43  4:21  Drone  
  43  4:22  Drone x5  
  48  4:26  Drone  
  48  4:29  Extractor, Drone x2  
  48  4:30  Drone  
  51  4:31  Extractor  
  51  4:34  Zergling x2  
  51  4:38  Drone  
  51  4:39  Drone x2  
  51  4:40  Drone  
  55  4:47  Overlord  
  55  4:48  Zerg Missile Weapons Level 1  
  55  4:49  Roach x2  
  55  4:51  Baneling  
  59  4:53  Roach  
  59  4:54  Roach  
  59  4:57  Baneling  
  59  4:59  Baneling, Zergling x2  
  65  5:00  Zergling x2  
  65  5:02  Overlord  
  65  5:06  Overlord, Zergling x2  
  66  5:11  Zergling x4  
  67  5:15  Drone x3  
  67  5:20  Drone x2  
  72  5:22  Drone  
  72  5:25  Glial Reconstitution  
  72  5:26  Drone x2  
  75  5:33  Extractor x2  
  75  5:34  Zergling x6  
  75  5:35  Zergling x2  
  77  5:40  Drone x2  
  77  5:41  Drone x2  
  81  5:45  Hydralisk Den, Drone  
  81  5:47  Evolution Chamber  
  80  5:52  Baneling x4  
  80  5:53  Zergling x10  
  80  5:56  Overlord  
  86  5:57  Drone  
  86  6:02  Infestation Pit  
  85  6:04  Drone  
  85  6:05  Drone  
  84  6:22  Drone  
  84  6:23  Drone x6  
  85  6:29  Overlord  
  85  6:30  Zerg Ground Armor Level 1  
  85  6:31  Overlord  
  85  6:32  Muscular Augments  
  85  6:33  Extractor  
  85  6:37  Burrow  
  84  6:44  Spore Crawler  
  84  6:45  Drone x3  
  84  6:47  Drone x5  
  87  6:48  Hatchery  
  87  6:52  Spore Crawler  
  89  6:55  Hydralisk  
  89  6:56  Hydralisk, Zerg Melee Weapons Level 1  
  89  6:57  Overlord  
  89  6:59  Baneling  
  89  7:00  Spore Crawler  
  92  7:05  Spore Crawler  
  92  7:07  Drone  
  92  7:08  Pathogen Glands  
  92  7:11  Overlord  
  92  7:12  Zergling x4  
  92  7:14  Baneling x3  
  92  7:15  Baneling, Zergling x2  
  94  7:16  Zergling x10  
  94  7:20  Roach  
  94  7:21  Roach  
  94  7:22  Roach  
  106  7:23  Roach  
  106  7:26  Roach  
  109  7:34  Baneling x3  
  109  7:35  Roach x4  
  109  7:36  Overlord  
  117  7:48  Overseer  
  117  7:49  Infestor  
  117  7:51  Drone x2  
  121  7:53  Zergling x2  
  121  7:54  Zergling x10  
  127  8:01  Hatchery  
  126  8:08  Roach x6  
  126  8:11  Overlord  
  138  8:15  Overlord  
  138  8:19  Spire  
  137  8:24  Overlord  
  137  8:30  Overlord x2  
  137  8:31  Baneling x4  
  137  8:32  Baneling x4, Roach x4  
  137  8:34  Overlord  
  145  8:38  Roach x4  
  145  8:41  Overlord  
  153  8:44  Roach  
  153  8:45  Roach x2  
  159  8:50  Baneling x3  
  159  8:53  Roach  
  159  8:54  Roach  
  162  8:59  Roach x3  
  162  9:00  Roach  
  162  9:01  Roach x4  
  178  9:06  Roach x2  
  182  9:11  Roach  
  182  9:13  Roach  
  182  9:14  Roach x2  
  190  9:18  Roach  
  192  9:26  Roach x4  
  170  9:51  Roach x13  
  171  10:07  Unknown x5  
Tags
 
Add a new tag
Caveats
  • Supply blocks, unpowered buildings, or Contaminate may cause inaccurate times.
  • Supply counts are checked every 10 seconds.